 Dungeon Crawl Stone Soup version 0.26-a0-812-g31a745ddcd (webtiles) character file.

Game seed: 3658334781725189107

2801 tilp the Slinger (level 10, -6/61 HPs)
             Began as a Halfling Hunter on Nov 26, 2020.
             Was a Priest of Okawaru.
             Mangled by Harold
             ... wielding a +4 battleaxe
              (24 damage)
             ... on level 7 of the Dungeon.
             The game lasted 00:15:34 (8292 turns).

tilp the Slinger (Halfling Hunter)                  Turns: 8292, Time: 00:15:35

Health: -6/61      AC: 12    Str: 15    XL:     10   Next: 2%
Magic:  0/14       EV: 15    Int:  9    God:    Okawaru [***...]
Gold:   260        SH:  0    Dex: 17    Spells: 9/9 levels left

rFire    + . .     SeeInvis .   b - +0 flail (vorpal)
rCold    + . .     Faith    .   (shield restricted)
rNeg     . . .     Spirit   +   t - +2 ring mail {rC+}
rPois    .         Reflect  .   (no helmet)
rElec    .         Harm     .   y - +0 cloak (curse)
rCorr    .         Rampage  .   (no gloves)
MR       .....                  (no boots)
Stlth    ++........             n - amulet of guardian spirit
HPRegen  0.20/turn              p - ring of protection from fire
MPRegen  0.14/turn              s - +4 ring of protection

@: marked
A: small, mutation resistance 1
a: Heroism, Renounce Religion


You were on level 7 of the Dungeon.
You worshipped Okawaru.
Okawaru was most pleased with you.
You visited 1 branch of the dungeon, and saw 8 of its levels.

You collected 260 gold pieces.

Inventory:

Hand Weapons
 a - a +2 hunting sling
 b - a +0 vorpal flail (weapon)
 q - a +0 morningstar
 C - a +1 flail of protection
Missiles
 k - 259 stones (quivered)
 l - 8 sling bullets
Armour
 t - a +2 ring mail of cold resistance (worn)
 y - a cursed +0 cloak (worn)
Jewellery
 d - an uncursed amulet of reflection
 e - an uncursed ring of protection from cold
 n - an amulet of guardian spirit (around neck)
 p - a ring of protection from fire (left hand)
 s - a +4 ring of protection (right hand)
Wands
 w - a wand of paralysis (10)
 B - a wand of digging (1)
 E - a wand of random effects (17)
Scrolls
 c - 5 scrolls of remove curse
 f - a scroll of magic mapping {unknown}
 i - a scroll of fear {unknown}
 x - 2 scrolls of teleportation
 z - a scroll of enchant weapon
Potions
 g - 2 potions of ambrosia
 h - 4 potions of haste
 j - 3 potions of curing
 m - 2 potions of flight
 o - 2 potions of might
 r - a potion of brilliance {unknown}
 A - 2 potions of resistance


   Skills:
 + Level 2.6 Fighting
 + Level 4.4 Maces & Flails
 - Level 12.0 Slings
 - Level 2.0 Armour
 + Level 4.5 Dodging
 + Level 3.0 Stealth
 + Level 6.3 Invocations
 + Level 4.4 Evocations


You had 9 spell levels left.
You didn't know any spells.
Your spell library contained the following spells:

 Spells                   Type           Power        Failure   Level
 Animate Skeleton         Necr           #.....       61%         1
 Apportation              Tloc           #.....       61%         1
 Corona                   Hex            #......      61%         1
 Summon Small Mammal      Summ           #...         61%         1


Dungeon Overview and Level Annotations

Branches:
Dungeon (8/15)             Temple (0/1) D:6
   Lair: D:8-11

Altars:
Elyvilon
Fedhas
Hepliaklqana
Kikubaaqudgha
Okawaru
Qazlal
Sif Muna
Wu Jian

Shops:
D:6 *

Annotations:
D:7 Harold


Innate Abilities, Weirdness & Mutations

You are small and have problems with some larger weapons.
You are somewhat resistant to further mutation.


Message History

Unknown command.
Unknown command.
Unknown command.
Unknown command.
You feel much better.
Unknown command.
You barely miss Harold.
Harold is almost dead.
Harold hits you with a +4 battleaxe!
* * * LOW HITPOINT WARNING * * *
You hit Harold.
Harold is almost dead.
Harold hits you but does no damage.
You closely miss Harold.
Harold is almost dead.
Harold hits you with a +4 battleaxe!
* * * LOW HITPOINT WARNING * * *
Unknown command.
You feel better. Harold hits you with a +4 battleaxe!!
You die...

#...........[.........###..##
##....................###....
#....|..##.##..............#
##...#......##.#........##...
#..#.............)....#..#..#.##
#......##...####..###.##.##...##
#.....#...#.[.....###..)........
#.....#.............##..........
#....##.####...@.....##.###.....
#..## ### #...@.........#......
#.@ #........###.........
########## #.#.......
####.#.#..... #..........#.
#..........#. #..........#.
#..........##


You could see Harold.

Vanquished Creatures
  Edmund (D:7)
  3 soldier ants (D:8)
  Duvessa (D:7)
  An ice beast (D:5)
  A sky beast (D:8)
  A necrophage (D:7)
  A phantom (D:6)
  5 centaurs
  A big kobold (D:6)
  2 bullfrogs (D:6)
  Dowan (D:7)
  4 scorpions
  6 wights
  A howler monkey (D:7)
  A centaur zombie (D:5)
  A jelly (D:5)
  A bullfrog zombie (D:8)
  A hound (D:6)
  An orc priest (D:3)
  An iguana (D:7)
  Natasha (thrice) (D:2)
  3 orc wizards
  7 worker ants
  2 hound skeletons
  A worker ant zombie (D:6)
  A howler monkey skeleton (D:7)
  8 adders
  2 shadow imps
  A white imp (D:5)
  An ufetubus (D:7)
  An adder skeleton (D:7)
  6 worms (D:2)
  3 leopard geckos
  10 orcs
  A ball python (D:3)
  5 giant cockroaches
  5 goblins
  7 hobgoblins
  6 jackals
  3 quokkas
  9 bats
  4 frilled lizards
  15 kobolds
  A quokka skeleton (D:5)
  4 rats
144 creatures vanquished.

Vanquished Creatures (others)
  An orc wizard (D:3)
  A plant (D:2)
2 creatures vanquished.

Grand Total: 146 creatures vanquished

Notes
Turn   | Place    | Note
-------+----------+-------------------------------------------
     0 | D:1      | tilp the Halfling Hunter began the quest for the Orb.
     0 | D:1      | Reached XP level 1. HP: 14/14 MP: 1/1
   148 | D:1      | Reached skill level 6 in Slings
   498 | D:1      | Reached XP level 2. HP: 18/19 MP: 2/2
   948 | D:2      | Reached skill level 7 in Slings
   948 | D:2      | Reached XP level 3. HP: 24/24 MP: 3/3
  1082 | D:2      | Reached XP level 4. HP: 23/29 MP: 4/4
  1195 | D:2      | Reached skill level 8 in Slings
  1221 | D:2      | Noticed Natasha
  1234 | D:2      | Killed Natasha
  1282 | D:2      | Noticed Natasha
  1288 | D:2      | Killed Natasha
  1288 | D:2      | Reached skill level 9 in Slings
  1288 | D:2      | Reached XP level 5. HP: 23/34 MP: 5/5
  1875 | D:2      | Noticed Natasha
  1893 | D:2      | Killed Natasha
  2434 | D:3      | Reached XP level 6. HP: 37/39 MP: 6/6
  2683 | D:3      | Reached skill level 10 in Slings
  3528 | D:4      | Found a shimmering blue altar of Sif Muna.
  3528 | D:4      | Found an ancient bone altar of Kikubaaqudgha.
  3530 | D:4      | Found a hazy altar of Hepliaklqana.
  3532 | D:4      | Found a stormy altar of Qazlal.
  3533 | D:4      | Found an iron altar of Okawaru.
  3534 | D:4      | Found a blossoming altar of Fedhas.
  3538 | D:4      | Became a worshipper of Warmaster Okawaru
  3669 | D:4      | Found a white marble altar of Elyvilon.
  4049 | D:5      | Entered Level 5 of the Dungeon
  4074 | D:5      | Reached skill level 11 in Slings
  4074 | D:5      | Reached XP level 7. HP: 44/44 MP: 7/7
  4168 | D:5      | Found a stormy altar of Qazlal.
  4239 | D:5      | Noticed Edmund
  4413 | D:5      | Reached skill level 12 in Slings
  4561 | D:5      | Reached * piety under Okawaru
  4976 | D:6      | Reached skill level 1 in Invocations
  4976 | D:6      | Reached XP level 8. HP: 50/50 MP: 8/8
  5051 | D:6      | Reached skill level 1 in Maces & Flails
  5051 | D:6      | Reached skill level 1 in Evocations
  5224 | D:6      | Found an ornate altar of the Wu Jian Council.
  5639 | D:6      | Found a staircase to the Ecumenical Temple.
  5654 | D:6      | Found Ceats's Mayhem Merchandise.
  5871 | D:7      | Reached ** piety under Okawaru
  5893 | D:7      | Noticed Duvessa
  5901 | D:7      | Noticed Dowan
  5905 | D:7      | Killed Duvessa
  5905 | D:7      | Reached XP level 9. HP: 54/54 MP: 8/11
  5912 | D:7      | Killed Dowan
  5997 | D:7      | Paralysed by a kobold for 2 turns
  6284 | D:7      | Killed Edmund
  6284 | D:7      | Reached skill level 5 in Invocations
  6698 | D:7      | Noticed Harold
  7164 | D:8      | Reached skill level 1 in Armour
  7771 | D:8      | Noticed a queen ant
  7917 | D:8      | Reached *** piety under Okawaru
  7917 | D:8      | Reached XP level 10. HP: 37/61 MP: 9/14
  8287 | D:7      | HP: 3/61 [Harold/+4 battleaxe (6)]
  8292 | D:7      | Mangled by Harold

Illustrated notes

Levels and vault maps discovered:
D:1:      lemuel_arrival_muddy, layout_basic, ebering_dispersal_statue_hall
D:2:      cheibrodos_old_hovel, layout_loops_cross, serial_glass,
          glass_columns_a, glass_columns_a, glass_columns_a, glass_columns_b,
          due_unseen_surprise, feat_on_display, minmay_strange_pillars,
          uniq_natasha
D:3:      layout_loops_ring
D:4:      layout_cave_pools, minitemple, elyvilon_altar_1
D:5:      layout_loops_ring, grunt_qazlal_sundering, uniq_edmund
D:6:      layout_basic, old_standard_altar,
          minmay_temple_entry_drinking_statues, minmay_shop_mayhem
D:7:      layout_rooms, minmay_misc_feat_hallway,
          chequers_serial_rivers_micro_d, uniq_duvessa, uniq_harold
D:8:      lemuel_ice_statue, layout_loops_corners, serial_shops,
          kennysheep_mini_moat, minmay_holes, minivault_29, uniq_maurice,
          uniq_maggie

Skill      XL: |  1  2  3  4  5  6  7  8  9 10 |
---------------+-------------------------------+-----
Slings         | 6 7 9 11 12 | 12.0
Fighting       | 2 |  2.6
Stealth        | 2 3 |  3.0
Invocations    | 1 3 6 |  6.3
Maces & Flails | 2 4 |  4.4
Evocations     | 3 4 |  4.4
Dodging        | 4 |  4.5
Armour         | 1 2 |  2.0

Action                   |  1- 3 |  4- 6 |  7- 9 | 10-12 || total
-------------------------+-------+-------+-------+-------++-------
Melee: Short sword       |    37 |    64 |       |       ||   101
       Flail             |       |    13 |   156 |    26 ||   195
 Fire: Hunting sling     |    65 |   173 |   381 |       ||   619
Invok: Heroism           |       |       |     1 |     1 ||     2
Evoke: Wand              |       |       |     3 |     4 ||     7
  Use: Scroll            |       |     5 |     9 |     1 ||    15
       Potion            |       |       |       |     2 ||     2
 Stab: Paralysed         |       |       |     8 |       ||     8
       Sleeping          |       |       |     1 |       ||     1
Armor: Ring mail         |    34 |    21 |    91 |     7 ||   153
       Scale mail        |       |    21 |       |       ||    21
Dodge: Dodged            |    49 |    83 |   188 |    14 ||   334

Table legend: (Time is in decaauts)
 A = Elapsed time spent in this place.
 B = Non-inter-level travel time spent in this place.
 C = Inter-level travel time spent in this place.
 D = Time resting spent in this place.
 E = Time spent auto-exploring this place.
 F = Levels seen in this place.
 G = Mean time per level.
                   A        B        C        D        E       F      G
               +--------+--------+--------+--------+--------+-----+--------+
         Total |   8127 |   7635 |    492 |   1975 |   4143 |   8 | 1015.9 |
       Dungeon |   8127 |   7635 |    492 |   1975 |   4143 |   8 | 1015.9 |
               +--------+--------+--------+--------+--------+-----+--------+

Top non-repeatable levels by time:
     D:2: 1378 daAuts
     D:3: 1236 daAuts
     D:5: 1059 daAuts
     D:6: 1053 daAuts
     D:7: 1014 daAuts
     D:8: 848 daAuts
     D:4: 770 daAuts
     D:1: 766 daAuts
